 Dungeon Crawl Stone Soup version 0.16-a0-1301-gf74d490 (webtiles) character file.

2381 Ololoev the Carver (level 9, -4/67 HPs)
             Began as a Ghoul Gladiator on Oct 15, 2014.
             Slain by Prince Ribbit (13 damage)
             ... on level 7 of the Dungeon.
             The game lasted 00:38:37 (10119 turns).

Ololoev the Carver (Ghoul Gladiator)               Turns: 10119, Time: 00:38:37

Health: -4/67      AC:  9    Str: 19    XL:     9   Next: 45%
Magic:  10/10      EV: 10    Int:  4    God:
Gold:   407        SH:  0    Dex: 11    Spells: 0 memorised, 8 levels left

rFire  . . .     SeeInvis .     w - +0 falchion
rCold  + . .     Clarity  .     y - +0 ring mail
rNeg   + + +     SustAb   .     (no shield)
rPois  +         Saprov   + + + c - +1 helmet
rElec  .         Spirit   .     D - +0 cloak
rCorr  .         Warding  .     j - +0 pair of gloves
rMut   .         Stasis   .     (no boots)
MR     .....                    K - amulet of faith
Stlth  +.........               (no ring)
                                (no ring)

@: rotting, not resistant to hostile enchantments, very unstealthy
A: rotting body, claws 1, carnivore 3, cold resistance 1, negative energy
resistance 3, poison resistance, saprovore 3, slow healing 1, torment
resistance, unbreathing
a: no special abilities


You were on level 7 of the Dungeon.
You were not hungry.

You visited 2 branches of the dungeon, and saw 8 of its levels.
You also visited: Sewer.

You collected 407 gold pieces.

Inventory:

Hand weapons
 a - a +0 long sword
 w - a +0 falchion (weapon)
Missiles
 G - a throwing net (quivered)
Armour
 c - a +1 helmet (worn)
 j - a +0 pair of gloves (worn)
 y - a +0 ring mail (worn)
 D - a +0 cloak (worn)
Jewellery
 q - the ring "Kuzedil" {rN+ MR+ Str-1 Stlth-, unknown}
   (You found it on level 6 of the Dungeon)

   [ring of loudness]

   It affects your strength (-1).
   It protects you from negative energy.
   It affects your resistance to hostile enchantments.
   It makes you less stealthy.
 H - a +3 ring of protection {unknown}
 K - an amulet of faith (around neck)
Magical devices
 n - a wand of teleportation (7)
 v - a wand of digging (17)
Scrolls
 d - a scroll of acquirement {unknown}
 m - 2 scrolls of remove curse
 p - 2 scrolls of teleportation
 r - a scroll of enchant weapon {unknown}
 s - a scroll of enchant armour
 z - a scroll of recharging
Potions
 e - 2 potions of mutation {unknown}
 g - 2 potions of restore abilities
 h - 2 potions of haste {unknown}
 i - 3 potions of heal wounds {unknown}
 t - a potion of resistance {unknown}
 u - 3 potions of poison {unknown}
 x - a potion of brilliance {unknown}
 B - a potion of berserk rage {unknown}
 E - 2 potions of agility {unknown}
 F - a potion of might {unknown}
 J - a potion of cure mutation {unknown}
Comestibles
 b - 3 chunks of worker ant flesh
 f - 2 slices of pizza
 k - a beef jerky
 l - a meat ration
 A - a rotting chunk of rat flesh
 C - a rotting chunk of worm flesh
 I - a chunk of bat flesh


   Skills:
 - Level 2.1 Fighting
 * Level 11.3 Long Blades
 - Level 1.7 Throwing
 - Level 2.6 Dodging
 + Level 2.3 Evocations


You had 8 spell levels left.
You didn't know any spells.

Dungeon Overview and Level Annotations

Branches:
Dungeon (7/15)             Temple (1/1) D:6

Altars:
Ashenzari
Cheibriados
Dithmenos
Elyvilon
Fedhas
Gozag
Kikubaaqudgha
Makhleb
Nemelex Xobeh
Ru
Sif Muna
Trog
Vehumet
Xom
Yredelemnul
Zin
The Shining One

Annotations:
D:5 flinch's ghost, average DsTm
D:7 Prince Ribbit


Innate Abilities, Weirdness & Mutations

Your body is rotting away.
You have sharp fingernails.
You are carnivorous and can eat meat at any time.
Your flesh is cold resistant.
You are immune to negative energy.
Your system is resistant to poisons.
You thrive on rotten meat.
You heal slowly when monsters are visible.
You are immune to unholy pain and torment.
You can survive without breathing.


Message History

You are too injured to fight recklessly!
You are too injured to fight recklessly!
You are too injured to fight recklessly!
You are too injured to fight recklessly!
Eat one of 2 chunks of rat flesh? (ye/n/q/i?) This raw flesh tastes good!
Prince Ribbit hits you!
* * * LOW HITPOINT WARNING * * *
Prince Ribbit hits you.
* * * LOW HITPOINT WARNING * * *
You smell decay.
Yum-yum. (slots A and C)
You continue eating.
Prince Ribbit hits you!
* * * LOW HITPOINT WARNING * * *
You continue eating.
Prince Ribbit barely misses you.
Drink which item? (? for menu, Esc to quit)
You feel better. Prince Ribbit hits you!
* * * LOW HITPOINT WARNING * * *
Prince Ribbit hits you!
You die...

###.......########.#
.........#.......#
....#....##......#
)..###...##%####.#
._.#y#......####.#
..###...#####...#
...#....#####...#
........#..F#...#
......## #@#%##
....# ##..# ### ##.#
..# ..# #..# ...#
#..# ..#


You could see Prince Ribbit.

Vanquished Creatures
  Pikel (D:5)
  3 slaves
  Purgy (Sewer)
  A necrophage (D:5)
  A sky beast (D:4)
  An ogre (D:5)
  2 giant frogs (D:6)
  3 killer bees (D:7)
  A troll zombie (D:7)
  4 scorpions
  3 crimson imps
  A hound (D:6)
  2 goliath beetles
  Crazy Yiuf (D:4)
  4 orc priests
  4 orc wizards
  4 worker ants
  A sky beast zombie (D:5)
  Ijyb (D:5)
  A worker ant zombie (D:7)
  12 adders
  11 gnolls
  A green rat (D:3)
  An orc skeleton (D:4)
  A shadow imp (D:5)
  7 worms
  An iguana skeleton (D:4)
  An iguana zombie (D:6)
  3 giant geckos
  An ooze (D:6)
  18 orcs
  13 bats
  9 giant cockroaches
  9 goblins
  14 hobgoblins
  15 jackals
  19 kobolds
  A ball python (D:3)
  A giant gecko zombie (D:5)
  9 giant newts
  4 quokkas
  19 rats
210 creatures vanquished.

Vanquished Creatures (others)
  A slave (D:5)
  The ghost of Kashira the Caller, a weakling TeSu (D:4)
  A crimson imp (D:5)
  A bat (D:5)
  4 toadstools (D:1)
8 creatures vanquished.

Grand Total: 218 creatures vanquished

Notes
Turn   | Place    | Note
--------------------------------------------------------------
     0 | D:1      | Ololoev, the Ghoul Gladiator, began the quest for the Orb.
     0 | D:1      | Reached XP level 1. HP: 17/17 MP: 1/1
   134 | D:1      | Reached skill level 3 in Long Blades
   243 | D:1      | Reached XP level 2. HP: 21/24 MP: 2/2
   976 | D:2      | HP: 1/24 [adder (3)]
   977 | D:2      | Reached XP level 3. HP: 1/29 MP: 3/3
  1285 | D:2      | Reached skill level 4 in Long Blades
  1601 | D:2      | Reached XP level 4. HP: 19/36 MP: 3/3
  2455 | D:3      | Reached skill level 5 in Long Blades
  2591 | D:3      | Reached XP level 5. HP: 41/41 MP: 4/4
  2668 | D:3      | Found a glowing drain.
  2677 | Sewer    | Entered a sewer
  2710 | Sewer    | Noticed Purgy
  2731 | Sewer    | Killed Purgy
  2731 | Sewer    | Reached skill level 6 in Long Blades
  2731 | Sewer    | Reached XP level 6. HP: 31/48 MP: 5/5
  3068 | D:3      | Found a blossoming altar of Fedhas.
  4244 | D:4      | Noticed Kashira's ghost (weakling TeSu)
  4289 | D:4      | Killed Kashira's ghost
  4289 | D:4      | Reached skill level 7 in Long Blades
  4289 | D:4      | Reached XP level 7. HP: 20/55 MP: 5/5
  4656 | D:4      | Noticed Crazy Yiuf
  4666 | D:4      | Killed Crazy Yiuf
  4764 | D:5      | Entered Level 5 of the Dungeon
  4876 | D:5      | Noticed flinch's ghost (average DsTm)
  4884 | D:5      | Found a shattered altar of Ashenzari.
  4934 | D:5      | Reached skill level 8 in Long Blades
  5537 | D:5      | Noticed Pikel
  5883 | D:5      | Reached XP level 8. HP: 45/60 MP: 6/6
  6066 | D:5      | Killed Pikel
  6066 | D:5      | Reached skill level 9 in Long Blades
  6280 | D:5      | Noticed Ijyb
  6475 | D:5      | Reached skill level 10 in Long Blades
  6612 | D:5      | Killed Ijyb
  6859 | D:5      | Found a shimmering altar of Xom.
  6860 | D:5      | Found a burning altar of Makhleb.
  6946 | D:6      | Found a white marble altar of Elyvilon.
  7048 | D:6      | Got a vibrating steel ring
  7139 | D:6      | Reached XP level 9. HP: 29/67 MP: 7/7
  7571 | D:6      | Found a glowing golden altar of the Shining One.
  8204 | D:6      | Reached skill level 11 in Long Blades
  8204 | D:6      | Reached skill level 1 in Evocations
  8380 | D:6      | Found a staircase to the Ecumenical Temple.
  8394 | Temple   | Entered the Ecumenical Temple
  8469 | D:6      | Found a sparkling altar of Nemelex Xobeh.
  9835 | D:7      | Found a snail-covered altar of Cheibriados.
  9863 | D:7      | Found a bloodstained altar of Trog.
  9864 | D:7      | Noticed a moth of wrath
 10104 | D:7      | Noticed Prince Ribbit
 10119 | D:7      | Slain by Prince Ribbit

Action                   |  1- 3 |  4- 6 |  7- 9 || total
-------------------------+-------+-------+-------++-------
Melee: Long sword        |   115 |    75 |     4 ||   194
       Short sword       |       |   296 |    71 ||   367
       Falchion          |       |    22 |   843 ||   865
Throw: Throwing net      |       |     3 |     4 ||     7
 Abil: Evoke Teleportati |       |       |     2 ||     2
Evoke: Wand              |       |       |     7 ||     7
  Use: Scroll            |       |    10 |     4 ||    14
       Potion            |       |       |     3 ||     3
 Stab: Held in net/web   |       |       |     2 ||     2
  Eat: Chunk             |    13 |    19 |    64 ||    96
